 Dungeon Crawl Stone Soup version 0.28-a0-1234-g826d19b2e0 (webtiles) character file.

Game seed: 12083498732574351311

91 ChaosChampion the Insei (level 4, -22/37 HPs)
             Began as a Draconian Transmuter on Dec 24, 2021.
             Killed from afar by Ijyb (24 damage)
             ... with a bolt of acid
             ... on level 3 of the Dungeon.
             The game lasted 00:02:10 (3169 turns).

ChaosChampion the Insei (Draconian Transmuter)      Turns: 3169, Time: 00:02:10

Health: -22/37     AC: -2    Str: 12    XL:     4   Next: 33%
Magic:  4/7        EV: 19    Int: 15    God:
Gold:   102        SH:  0    Dex: 17    Spells: 1/7 levels left

rFire   . . .      SeeInvis .     - Unarmed
rCold   . . .      Faith    .   (shield currently unavailable)
rNeg    . . .      Spirit   .   (armour unavailable)
rPois   x          Reflect  .   (helmet currently unavailable)
rElec   .          Harm     .   (cloak currently unavailable)
rCorr   .          Rampage  .   (gloves currently unavailable)
Will    .....                   (boots currently unavailable)
Stlth   ++........              (no amulet)
HPRegen 0.12/turn               (no ring)
MPRegen 0.10/turn               (no ring)

@: spider-form (expiring), corroded
A: venomous fangs, AC +5, tiny, unfitting armour, (cold-blooded)
a: End Transformation


You were on level 3 of the Dungeon.
You were a venomous arachnid creature.
You visited 1 branch of the dungeon, and saw 3 of its levels.

You collected 102 gold pieces.

Inventory:

Missiles
 k - 8 poisoned darts (quivered)
Armour
 j - a +2 pair of gloves (melded)
Scrolls
 a - a scroll of teleportation {unknown}
 b - 3 scrolls of magic mapping {unknown}
 c - a scroll of enchant armour {unknown}
 d - a scroll of fear {unknown}
 e - 5 scrolls of identify {unknown}
Potions
 f - a potion of magic {unknown}
 g - a potion of flight {unknown}
 h - a potion of degeneration {unknown}
 i - a potion of attraction {unknown}


   Skills:
 + Level 2.4 Fighting
 - Level 1.7 Dodging
 * Level 4.2 Unarmed Combat
 - Level 2.0 Spellcasting
 + Level 2.8 Transmutations


You had one spell level left.
You knew the following spells:

 Your Spells              Type           Power      Damage    Failure   Level
a - Beastly Appendage     Tmut           20%        N/A       19%         1
b - Wereblood             Tmut           10%        N/A       26%         2
c - Spider Form           Tmut/Pois      5%         N/A       58%         3

Your spell library contained the following spells:

 Spells                   Type           Power      Damage    Failure   Level
 Ice Form                 Ice/Tmut       5%         N/A       90%         4


Dungeon Overview and Level Annotations

Branches:
Dungeon (3/15)

Altars:

Annotations:
D:3 Ijyb


Innate Abilities, Weirdness & Mutations

You are a venomous arachnid creature.
You have poisonous fangs.
You are tiny and dextrous.
Your spellcasting is less reliable in this form.
Your armour is entirely melded.
You are incapable of wielding weapons or throwing items.
((Your plain brown scales are hard. (AC +5)))
You cannot fit into any form of body armour.
((You are cold-blooded and may be slowed by cold attacks.))


Message History

There is a stone staircase leading down here.
You now have 102 gold pieces (gained 6).
Key pressed, stopping explore.
No target in view!
No target in view!
Ijyb the Twisted Goblin comes into view.
She is wielding a +0 dagger and carrying a wand of acid (11).
Ijyb shouts!
Ijyb is nearby!
Ijyb is nearby!
Ijyb is nearby!
You hit Ijyb.
Ijyb is lightly wounded.
Ijyb hits you but does no damage.
Casting: Wereblood (safe; 11% risk of failure)
Confirm with . or Enter, or press ? or * to list all spells.
The spell is quite dangerous to miscast (36% risk of failure)!
Continue anyway?
You turn into a venomous arachnid creature.
Your +2 pair of gloves melds into your body.
Ijyb zaps a wand.
The bolt of acid hits you!!!
Ouch! That really hurt!
* * * LOW HITPOINT WARNING * * *
The acid corrodes you!
Okay, then.
You are too injured to fight recklessly!
You are too injured to fight recklessly!
You hit Ijyb but do no damage.
Ijyb is lightly wounded.
Ijyb closely misses you.
You hit Ijyb but do no damage.
Ijyb is lightly wounded.
Ijyb misses you.
You hit Ijyb but do no damage.
Ijyb is poisoned.
Ijyb is lightly wounded.
Your transformation is almost over.
Ijyb misses you.
You closely miss Ijyb.
Ijyb is lightly wounded.
Ijyb zaps a wand.
The bolt of acid hits you!!
Ouch! That really hurt!
You die...

#######
####.....######
.....###......#
###..# ######.#
###..# #.#
..[..# #.#####
.#..## #...s.#
.#..#######
#####g#
..........# .#
##........# .#
##.>......# .#
..........# ..
###.......# .#
#.......# .#
.##.......#


You could see Ijyb (poisoned).

Vanquished Creatures
  3 adders
  A worm (D:2)
  5 ball pythons
  5 bats
  3 endoplasms (D:2)
  3 giant cockroaches
  7 goblins
  7 hobgoblins
  4 jackals
  5 kobolds
  2 quokkas
  A frilled lizard (D:1)
  3 rats
49 creatures vanquished.

Notes
Turn   | Place    | Note
-------+----------+-------------------------------------------
     0 | D:1      | ChaosChampion the Draconian Transmuter began the quest for
                  | the Orb.
     0 | D:1      | Reached XP level 1. HP: 16/16 MP: 3/3
   180 | D:1      | Reached XP level 2. HP: 23/23 MP: 3/5
   183 | D:1      | Learned a level 2 spell: Wereblood
   219 | D:1      | Found a faded altar of an unknown god.
   883 | D:2      | Reached XP level 3. HP: 23/29 MP: 4/6
   887 | D:2      | Learned a level 3 spell: Spider Form
  2037 | D:2      | Reached skill level 4 in Unarmed Combat
  2538 | D:3      | Reached XP level 4. HP: 5/37 MP: 1/7
  3163 | D:3      | Noticed Ijyb
  3165 | D:3      | HP: 1/37 [Ijyb/bolt of acid (36)]
  3169 | D:3      | Killed from afar by Ijyb

Illustrated notes

Levels and vault maps discovered:
D:1:      dpeg_arrival_rhombi, layout_basic,
          shapermc_ecumenical_altar_mp_highgroup, st_stairs_5
D:2:      cheibrodos_greedy_goblins, layout_basic
D:3:      layout_loops_cross, marbit_many_paths, hex_tiny, uniq_ijyb

Skill      XL: |  1  2  3 |
---------------+----------+-----
Fighting       | 2 |  2.4
Unarmed Combat | 4 |  4.2
Dodging        | |  1.7
Spellcasting   | |  2.0
Transmutations | |  2.8

Action                   |  1- 3 |  4- 6 || total
-------------------------+-------+-------++-------
Melee: Unarmed           |   154 |    17 ||   171
       Tailslap          |     9 |       ||     9
       Kick              |     6 |     1 ||     7
       Punch             |     1 |       ||     1
       Headbutt          |       |     1 ||     1
 Cast: Beastly Appendage |     9 |     2 ||    11
       Spider Form       |     1 |     2 ||     3
       Wereblood         |     1 |     2 ||     3
Armor: Skin              |    56 |     9 ||    65
Dodge: Dodged            |    99 |    27 ||   126

Table legend: (Time is in decaauts)
 A = Elapsed time spent in this place.
 B = Non-inter-level travel time spent in this place.
 C = Inter-level travel time spent in this place.
 D = Time resting spent in this place.
 E = Time spent auto-exploring this place.
 F = Levels seen in this place.
 G = Mean time per level.
                   A        B        C        D        E       F      G
               +--------+--------+--------+--------+--------+-----+--------+
         Total |   3157 |   3108 |     49 |    522 |   2157 |   3 | 1052.3 |
       Dungeon |   3157 |   3108 |     49 |    522 |   2157 |   3 | 1052.3 |
               +--------+--------+--------+--------+--------+-----+--------+

Top non-repeatable levels by time:
     D:2: 1658 daAuts
     D:3: 767 daAuts
     D:1: 732 daAuts
